 Dungeon Crawl Stone Soup version 0.29.1-2-gbd0b4ee654 (console) character file.

Game seed: 12136545050879764003

109 vuolankoinen the Covered (level 5, -5/38 HPs)
             Began as a Human Wanderer on Nov 6, 2022.
             Was a Believer of Vehumet.
             Killed by an exploding orc (18 damage)
             ... ignited by their inner flame
             ... on level 3 of the Dungeon.
             The game lasted 00:06:22 (2173 turns).

vuolankoinen the Covered (Human Wanderer)           Turns: 2173, Time: 00:06:23

Health: -5/38      AC:  9    Str: 10    XL:     5   Next: 13%
Magic:  8/8        EV: 10    Int: 12    God:    Vehumet [**....]
Gold:   124        SH:  0    Dex: 17    Spells: 5/9 levels left

rFire   . . .      SeeInvis .   l - +2 dagger (elec)
rCold   + . .      Faith    .   (no shield)
rNeg    . . .      Spirit   .   g - +2 ring mail {rC+}
rPois   .          Reflect  .   (no helmet)
rElec   .          Harm     .   (no cloak)
rCorr   .          Rampage  .   f - +0 pair of gloves
Will    .....                   (no boots)
Stlth   +.........              (no amulet)
HPRegen 0.12/turn               (no ring)
MPRegen 0.11/turn               (no ring)

@: brilliant
A: no striking features
a: Renounce Religion


You were on level 3 of the Dungeon.
You worshipped Vehumet.
Vehumet was pleased with you.
You visited 1 branch of the dungeon, and saw 3 of its levels.

You collected 124 gold pieces.

Inventory:

Hand Weapons
 a - a +2 sling
 l - a +2 dagger of electrocution (weapon)
Armour
 b - a +0 ring mail
 f - a +0 pair of gloves (worn)
 g - a +2 ring mail of cold resistance (worn)
Scrolls
 k - a scroll of vulnerability {unknown}
 m - a scroll of poison {unknown}
Potions
 e - a potion of mutation {unknown}
 h - a potion of lignification {unknown}
 j - a potion of haste {unknown}


   Skills:
 * Level 2.1 Fighting
 + Level 0.1 Short Blades
 - Level 2.0 Ranged Weapons
 + Level 4.0 Armour
 + Level 0.2 Dodging
 - Level 1.0 Stealth
 * Level 2.6 Spellcasting
 * Level 0.4 Conjurations
 * Level 1.3 Translocations
 + Level 1.1 Fire Magic


You had 5 spell levels left.
You knew the following spells:

 Your Spells              Type           Power      Damage    Failure   Level
a - Foxfire               Conj/Fire      20%        2x1d5     41%         1
b - Blink                 Tloc           14%        N/A       47%         2
c - Magic Dart            Conj           16%        1d3       45%         1

Your spell library contained the following spells:

 Spells                   Type           Power      Damage    Failure   Level
 Lesser Beckoning         Tloc           7%         N/A       71%         3
 Ignite Poison            Fire/Tmut/Pois 3%         N/A       85%         3
 Stone Arrow              Conj/Erth      6%         3d7       86%         3
 Airstrike                Air            1%         2d(1-17)  99%         4
 Animate Armour           Summ/Erth      4%         N/A       99%         4
 Summon Lightning Spire   Summ/Air       2%         N/A       99%         4
 Lightning Bolt           Conj/Air       1%         1d12      100%        5
 Manifold Assault         Tloc           7%         N/A       100%        5
 Lehudib's Crystal Spear  Conj/Erth      1%         10d2      100%        8


Dungeon Overview and Level Annotations

Branches:
Dungeon (3/15)

Altars:
Vehumet


Message History

You now have 124 gold pieces (gained 8).
Found a falchion.
A sourceless malevolence fills the Dungeon... and a teleportation trap spontaneously manifests!
You are yanked towards some nearby monsters!
Your surroundings suddenly seem different. 4 orcs and a kobold come into view.
The kobold is wielding a +0 short sword of holy wrath.
Found a dagger.
The orc shouts! x4; The kobold shouts!
An orc comes into view. It is wielding a +0 hand axe.
The orc hits you but does no damage. x3; The kobold moves out of view.
The orc shouts!
Unknown command.
Casting: Foxfire (safe; 41% risk of failure)
Confirm with . or Enter, or press ? or * to list all spells.
Okay, then.
You feel clever all of a sudden. The orc hits you with a +0 flail.
The orc hits you with a +0 short sword. The orc hits you but does no damage.
The orc barely misses you. The orc hits you but does no damage.
Casting: Foxfire (safe; 41% risk of failure)
Confirm with . or Enter, or press ? or * to list all spells.
Okay, then.
Unknown command.
The orc hits you but does no damage. The orc closely misses you.
The orc attacks as you move away! The orc hits you with a +0 flail!
The orc attacks as you move away! The orc hits you but does no damage.
The orc attacks as you move away! The orc barely misses you.
As you read the scroll labelled ITAF UDOYCW, it crumbles to dust.
The creatures around you are filled with an inner flame!
It was a scroll of immolation.
The orc closely misses you.
As you read the scroll labelled PUPNOO SAWIH, it crumbles to dust.
Your body is wracked with pain!
The orc convulses!
Flame seeps out of the orc.
The orc convulses!
Flame seeps out of the orc.
The orc convulses!
Flame seeps out of the orc.
The orc convulses!
Flame seeps out of the orc.
It was a scroll of torment.
The orc is engulfed in blazing flames.
Vehumet accepts your kill.
The orc explodes!
The fiery explosion engulfs you!!
You die...

#..#### #.....#
##..##.# ..
#...##.####...
###.#.##........
#..)#........###
#.#####......+
#...#....###.#####
##..#....#
#.@○oo#####..
#....##.#
####o.K......
##.#..##.#
#..)####.
##.....##.# #.###
#<###..##.# #..
..).# #..# .# ##.
###.# #..# .# ..
##> .#(# ## # ##.#


You could see 3 orcs and a kobold (inner flame).

Vanquished Creatures
  5 adders (D:2)
  A worm (D:2)
  2 dart slugs
  3 orcs
  4 endoplasms
  3 giant cockroaches
  8 goblins
  6 hobgoblins
  2 jackals (D:1)
  4 kobolds
  2 quokkas (D:1)
  6 ball pythons
  3 bats
  2 frilled lizards
  2 rats (D:1)
53 creatures vanquished.

Vanquished Creatures (others)
  7 foxfires
7 creatures vanquished.

Grand Total: 60 creatures vanquished

Notes
Turn   | Place    | Note
-------+----------+-------------------------------------------
     0 | D:1      | vuolankoinen the Human Wanderer began the quest for the
                  | Orb.
     0 | D:1      | vuolankoinen set off with the following items: a +2 sling,
                  | a +0 ring mail, a potion of brilliance; and the following
                  | spell memorised: Foxfire; and the following spells
                  | available to memorise: Ignite Poison.
     0 | D:1      | Reached XP level 1. HP: 15/15 MP: 3/3
   358 | D:1      | Reached XP level 2. HP: 21/21 MP: 5/5
   753 | D:1      | Learned a level 2 spell: Blink
   760 | D:1      | Reached XP level 3. HP: 21/26 MP: 6/6
   863 | D:1      | Found a faded altar of an unknown god.
   891 | D:1      | Prayed at the altar of an unknown god.
   891 | D:1      | Became a worshipper of Vehumet
   891 | D:1      | Reached * piety under Vehumet
   891 | D:1      | Offered knowledge of Sandblast by Vehumet.
  1350 | D:2      | Reached XP level 4. HP: 32/32 MP: 7/7
  1682 | D:2      | Reached skill level 1 in Translocations
  1744 | D:2      | Offered knowledge of Magic Dart by Vehumet.
  1747 | D:2      | Learned a level 1 spell: Magic Dart
  1888 | D:2      | Reached ** piety under Vehumet
  1889 | D:2      | Reached skill level 4 in Armour
  1889 | D:2      | Reached XP level 5. HP: 36/38 MP: 8/8
  2173 | D:3      | Killed by an exploding orc... ignited by their inner flame

Illustrated notes

Levels and vault maps discovered:
D:1:      sevenhm_arrival_forest_fort_large_4, layout_basic,
          hellmonk_ecumenical_altar_lost_god
D:2:      layout_loops_cross, hex_large
D:3:      minmay_chambers_of_threes, layout_loops_ring,
          mainiacjoe_overflow_surrounded_room, dreamdust_princess_corridor

Skill      XL: |  1  2  3  4 |
---------------+-------------+-----
Translocations | 1 |  1.3
Fighting       | 2 |  2.1
Armour         | 4 |  4.0
Short Blades   | |  0.1
Ranged Weapons | |  2.0
Dodging        | |  0.2
Stealth        | |  1.0
Spellcasting   | |  2.6
Conjurations   | |  0.4
Fire Magic     | |  1.1

Action                   |  1- 3 |  4- 6 || total
-------------------------+-------+-------++-------
Melee: Dagger            |       |    47 ||    47
       Punch             |       |     1 ||     1
 Fire: Sling             |    74 |     9 ||    83
 Cast: Foxfire           |     2 |     2 ||     4
  Use: Scroll            |       |     2 ||     2
       Potion            |       |     1 ||     1
Armor: Ring mail         |    19 |    41 ||    60
Dodge: Dodged            |    18 |    20 ||    38
